 Dungeon Crawl Stone Soup version 0.28.0-43-g3370ac3207 (webtiles) character file.

Game seed: 18120815331431777320

241 crimpus the Skirmisher (level 6, -3/66 HPs)
             Began as an Ogre Berserker on Mar 7, 2022.
             Was a Believer of Trog.
             Slain by a gnoll
             ... wielding a +0 flail
              (9 damage)
             ... on level 2 of the Dungeon.
             The game lasted 00:03:25 (2593 turns).

crimpus the Skirmisher (Ogre Berserker)             Turns: 2593, Time: 00:03:26

Health: -3/66      AC:  3    Str: 24    XL:     6   Next: 8%
Magic:  6/6        EV: 10    Int:  8    God:    Trog [**....]
Gold:   81         SH:  0    Dex:  8    Spells: 5/5 levels left

rFire   . . .      SeeInvis .   a - +0 mace
rCold   . . .      Faith    .   (no shield)
rNeg    . . .      Spirit   .   b - +0 animal skin
rPois   .          Reflect  .   (helmet restricted)
rElec   .          Harm     .   (no cloak)
rCorr   .          Rampage  .   (gloves unavailable)
Will    .....                   (boots unavailable)
Stlth   +.........              (no amulet)
HPRegen 0.21/turn               (no ring)
MPRegen 0.10/turn               (no ring)

@: on berserk cooldown, slowed, very slow
A: large, unfitting armour, tough skin 1
a: Renounce Religion, Berserk, Trog's Hand


You were on level 2 of the Dungeon.
You worshipped Trog.
Trog was pleased with you.
You visited 1 branch of the dungeon, and saw 3 of its levels.

You collected 81 gold pieces.

Inventory:

Hand Weapons
 a - a +0 mace (weapon)
Missiles
 h - 2 throwing nets (quivered)
Armour
 b - a +0 animal skin (worn)
Scrolls
 c - a scroll of identify {unknown}
 i - a scroll of torment {unknown}
Potions
 d - a potion of lignification {unknown}
 e - 2 potions of resistance {unknown}
 f - a potion of cancellation {unknown}
 g - a potion of mutation {unknown}


   Skills:
 + Level 5.5 Fighting
 + Level 4.7 Maces & Flails
 + Level 3.6 Dodging
 - Level 0.2 Stealth


You had 5 spell levels left.
You didn't know any spells.
Your spell library was empty.

Dungeon Overview and Level Annotations

Branches:
Dungeon (3/15)

Altars:
Wu Jian

Annotations:
D:3 Ijyb


Innate Abilities, Weirdness & Mutations

You are too large for most types of armour.
You have tough skin. (AC +1)


Message History

You kill the gnoll!
Trog accepts your kill.
A kobold comes into view. It is wielding a +0 short sword.
The gnoll misses you.
Items here: )) [ ††.
You barely miss the gnoll. The gnoll hits you with a +0 flail.
You barely miss the gnoll. The goblin hits you with a +0 dagger.
The gnoll misses you.
You hit the gnoll.
The gnoll is heavily wounded.
The goblin barely misses you.
The gnoll hits you from afar with a +0 spear of flaming.
The gnoll burns you.
You hit the gnoll.
The gnoll is almost dead.
The gnoll hits you with a +0 flail. The goblin hits you with a +0 dagger.
The gnoll barely misses you.
You are no longer berserk.
You are exhausted.
You feel yourself slow down. The gnoll barely misses you.
You see here a scroll labelled JESIL POEKK.
The gnoll hits you with a +0 flail! The gnoll barely misses you.
There is an escape hatch in the ceiling here.
The gnoll barely misses you. The gnoll hits you with a +0 flail.
Ijyb screams, "It's all mine!"
A mysterious force pulls you upwards. The hatch slams shut behind you.
You hit the gnoll but do no damage.
The gnoll is almost dead.
The gnoll hits you with a +0 flail. x2
* * * LOW HITPOINT WARNING * * *
You hit the gnoll but do no damage.
The gnoll is almost dead.
The gnoll hits you with a +0 flail!
* * * LOW HITPOINT WARNING * * *
You barely miss the gnoll.
The gnoll is almost dead.
The gnoll hits you with a +0 flail!
You die...

........##...#..#
........##.#.#..##
.....#.###.#.....######
.....#.###.#..........#
.....#.))..)..........#
.......#))............#
.......#.........######
..#....#.........#
###..###.......g@# #
##..........####
####.###...##..#
..##...#...###.#
.>.........# #.##
..........## #..#
.........## ##.#
.........# #.#
.....[...### #.#


You could see a gnoll.

Vanquished Creatures
  A sky beast (D:3)
  A bullfrog zombie (D:3)
  2 adders (D:2)
  5 gnolls
  2 dart slugs
  2 orcs (D:3)
  5 bats
  4 endoplasms (D:1)
  A giant cockroach (D:1)
  2 hobgoblins
  2 jackals (D:1)
  3 quokkas
  7 ball pythons
  4 frilled lizards
  4 goblins
  5 kobolds
  5 rats
55 creatures vanquished.

Notes
Turn   | Place    | Note
-------+----------+-------------------------------------------
     0 | D:1      | crimpus the Ogre Berserker began the quest for the Orb.
     0 | D:1      | Reached XP level 1. HP: 24/24 MP: 1/1
   158 | D:1      | Reached XP level 2. HP: 32/32 MP: 2/2
   363 | D:1      | Found a faded altar of an unknown god.
   669 | D:1      | Reached XP level 3. HP: 40/40 MP: 3/3
  1184 | D:2      | Reached ** piety under Trog
  1337 | D:2      | Reached XP level 4. HP: 31/49 MP: 4/4
  2204 | D:3      | Found an ornate altar of the Wu Jian Council.
  2213 | D:3      | Noticed a sky beast
  2228 | D:3      | Killed a sky beast
  2229 | D:3      | Reached skill level 5 in Fighting
  2229 | D:3      | Reached XP level 5. HP: 41/57 MP: 5/5
  2573 | D:3      | Noticed Ijyb
  2575 | D:3      | Reached XP level 6. HP: 57/66 MP: 6/6
  2593 | D:2      | Slain by a gnoll

Illustrated notes

Levels and vault maps discovered:
D:1:      dpeg_arrival_erosion, layout_basic,
          hellmonk_ecumenical_altar_leap_of_faith
D:2:      layout_rooms
D:3:      layout_rooms, lemuel_crystal_altar, amethyst_overflow_temple_binary,
          uniq_crazy_yiuf_cottage, uniq_grinder, uniq_ijyb

Skill      XL: |  1  2  3  4 |
---------------+-------------+-----
Maces & Flails | 3 4 |  4.7
Dodging        | 3 |  3.6
Fighting       | 5 |  5.5
Stealth        | |  0.2

Action                   |  1- 3 |  4- 6 || total
-------------------------+-------+-------++-------
Melee: Mace              |   107 |    82 ||   189
       Punch             |     3 |       ||     3
Invok: Berserk           |     3 |     3 ||     6
 Stab: Sleeping          |     1 |       ||     1
Armor: Animal skin       |    41 |    20 ||    61
Dodge: Dodged            |    82 |    39 ||   121
